 Dungeon Sprint DCSS version 0.16-a0-2979-g562a0a4 (webtiles) character file.

56443 RobertPalmer the Sensei (level 14, -15/151 HPs)
             Began as a Pale Draconian Transmuter on Dec 5, 2014.
             Was the Champion of Cheibriados.
             Demolished by a greater naga
             ... wielding a +0 halberd
              (25 damage)
             ... in the Dungeon (Sprint VII: "The Pits").
             The game lasted 00:19:45 (4516 turns).

RobertPalmer the Sensei (Pale Draconian Transmuter) Turns: 4516, Time: 00:19:45

Health: -15/151    AC: 13    Str: 29    XL:     14   Next: 42%
Magic:  19/28      EV: 28    Int: 32    God:    Cheibriados [******]
Gold:   24         SH:  0    Dex: 40    Spells: 5 memorised, 3 levels left

rFire  . . .     SeeInvis .       - Unarmed
rCold  . . .     Clarity  .     (armour unavailable)
rNeg   . . .     SustAb   .     (no shield)
rPois  .         Gourm    .     f - +2 hat of the High Council {Archmagi, Wiz- Stlth-}
rElec  .         Spirit   .     u - +0 cloak
rCorr  .         Warding  .     s - +1 pair of gloves
rMut   .         NoTele   +     (no boots)
MR     +....                    (no amulet)
Stlth  ++........               H - ring "Yniolo" {+Inv Int+4 Dex+3}
                                g - +6 ring of dexterity

@: very slightly contaminated, slowed, very slow, somewhat resistant to hostile
enchantments, unstealthy
A: breathe steam, unfitting armour, sense surroundings 1, cold-blooded, AC +8
a: Breathe Steam, Bend Time, Temporal Distortion, Slouch, Step From Time,
Renounce Religion, Evoke Invisibility


You were in the Dungeon.
You worshipped Cheibriados.
Cheibriados was exalted by your worship.
You were not hungry.

You visited 1 branch You collected 24 gold pieces.


Innate Abilities, Weirdness & Mutations

You can breathe blasts of scalding steam.
Your pale cyan-grey scales are hard (AC +8).
Your body does not fit into most forms of armour.
Your cold-blooded metabolism reacts poorly to cold.
You passively map a small area around you.


   Skills:
 - Level 21.3 Fighting
 - Level 11.0 Dodging
 - Level 23.8 Unarmed Combat
 - Level 6.2 Spellcasting
 + Level 10.0 Summonings
 - Level 11.8 Transmutations
 - Level 10.8 Invocations
 - Level 11.7 Evocations


You had 3 spell levels left.
You knew the following spells:

 Your Spells              Type           Power        Failure   Level  Hunger
c - Ice Form              Ice/Trmt       ######..     13%         4    ##.....
v - Blade Hands           Trmt           #######...   4%          5    ####...
x - Spider Form           Trmt/Pois      ######....   4%          3    None
y - Dragon's Call         Summ           #######...   100%        9    #######
z - Beastly Appendage     Trmt           ######       1%          1    None

Inventory:

Missiles
 z - 21 arrows
Armour
 f - the +2 hat of the High Council (worn) {Archmagi, Wiz- Stlth-}
   (You found it in the Dungeon)

   It makes you less stealthy.
 s - a +1 pair of gloves (worn)
 u - a +0 cloak (worn)
Rods
 b - a +1 rod of the swarm (11/11) {!a}
   (You found it in the Dungeon)
Jewellery
 g - a +6 ring of dexterity (left hand)
 y - an uncursed ring of protection from magic
 H - the ring "Yniolo" (right hand) {+Inv Int+4 Dex+3}
   (You found it in the Dungeon)

   [ring of invisibility]

   It affects your intelligence (+4).
   It affects your dexterity (+3).
   It lets you turn invisible.
Magical devices
 t - a wand of teleportation (5) {!d}
Scrolls
 k - 2 scrolls of vulnerability {!r}
 l - 4 scrolls of remove curse
 m - 6 scrolls of amnesia
 n - a scroll of summoning
 A - a scroll of identify
 B - 2 scrolls of fog
 C - 4 scrolls of enchant weapon
 E - a scroll of recharging
Potions
 e - 3 potions of curing
 h - 4 potions of magic
 o - a potion of invisibility
 r - 4 potions of brilliance
 v - a potion of cure mutation
 w - 2 potions of resistance
 x - a potion of might
 D - a potion of restore abilities
Books
 d - a book of Changes
 I - a book of Hinderance
 J - the Collected Works on Creation
   (You found it in the Dungeon)

   Spells                             Type                      Level
   a - Summon Butterflies             Summoning                    1
   b - Summon Demon                   Summoning                    5
   c - Summon Forest                  Summoning/Translocation      5
   d - Dragon's Call                  Summoning                    9
Comestibles
 a - 10 bread rations
 i - a slice of pizza
 p - 42 fruits
 q - 9 meat rations
 G - 6 royal jellies

Dungeon Overview and Level Annotations

Branches:
Dungeon (1/1)

Altars:
Ashenzari
Cheibriados
Dithmenos
Elyvilon
Fedhas
Gozag
Kikubaaqudgha
Makhleb
Nemelex Xobeh
Okawaru
Qazlal
Ru
Sif Muna
Trog
Vehumet
Xom
Yredelemnul
Zin
The Shining One
Beogh
Jiyva
Lugonu

, , , * , * , * * + * *
* , , *#+# * , , #.#
#'#
#####################'#
................#)d...#
))..)..)........d#N)..#
####)'##############..#
)#(()..(#[[<[#[[#[[#..#
##.))(..##''##[[#[[#..#
.#()).))#....#.....#..#
.###)(###....####..#..#
...).).)))......'..#..#
........).)..####..#Cq#
###....####..#.....#..#


You could see a mottled draconian and a greater naga.


Message History

The greater naga spits poison at you. The splash of poison hits you!
You are poisoned.
* * * LOW HITPOINT WARNING * * *
The deep elf high priest closely misses you.
You punch the deep elf high priest!
The deep elf high priest is almost dead.
You feel sick. The greater naga closely misses you. The hellwing misses you.
The hellwing completely misses you.
Unknown command.
You barely miss the deep elf high priest.
You tail-slap the deep elf high priest.
You kill the deep elf high priest!
Cheibriados appreciates the change of pace.
Your Summonings skill increases to level 10!
The greater naga hits you but does no damage.
Unknown command.
Drink which item? (? for menu, Esc to quit)
You feel better.
The mottled draconian closely misses you.
The greater naga closely misses you. The mottled draconian misses you.
The greater naga hits you from afar with a halberd!!
* * * LOW HITPOINT WARNING * * *
Drink which item? (? for menu, Esc to quit)
You feel better. The greater naga spits poison at you.
The splash of poison misses you.
The mottled draconian completely misses you.
The greater naga hits you from afar with a halberd!!
You die...

Action                   |  1- 3 |  4- 6 |  7- 9 | 10-12 | 13-15 || total
-------------------------+-------+-------+-------+-------+-------++-------
Melee: Unarmed           |    32 |    37 |    69 |   157 |   114 ||   409
 Cast: Beastly Appendage |     3 |     1 |       |       |       ||     4
       Spider Form       |       |     2 |     1 |       |     1 ||     4
       Ice Form          |       |     2 |     4 |     1 |       ||     7
       Blade Hands       |       |       |     3 |    13 |     6 ||    22
Invok: Slouch            |       |       |       |     3 |     2 ||     5
       Temporal Distorti |       |       |       |     3 |       ||     3
 Abil: End Transformatio |       |       |     2 |     1 |     1 ||     4
  Use: Potion            |     1 |     3 |     1 |     5 |    10 ||    20
       Scroll            |       |       |       |       |     2 ||     2
 Stab: Sleeping          |       |     1 |       |       |       ||     1
       Distracted        |       |       |       |       |     1 ||     1
       Invisible         |       |       |       |       |     1 ||     1
  Eat: Meat ration       |       |       |     1 |     1 |       ||     2
       Chunk             |       |       |       |     1 |     5 ||     6

Vault maps used:
D:        pitsprint

Notes
Turn   | Place    | Note
--------------------------------------------------------------
     0 | D        | RobertPalmer, the Draconian Transmuter, began the quest for the Orb.
     0 | D        | Reached XP level 1. HP: 16/16 MP: 3/3
    27 | D        | Found a sacrificial altar of Ru.
    27 | D        | Found a basalt altar of Yredelemnul.
    27 | D        | Found a shadowy altar of Dithmenos.
    27 | D        | Found a deep blue altar of Sif Muna.
    27 | D        | Found a burning altar of Makhleb.
    27 | D        | Found a shimmering altar of Xom.
    27 | D        | Found an ancient bone altar of Kikubaaqudgha.
    27 | D        | Found a sparkling altar of Nemelex Xobeh.
    29 | D        | Found a glowing golden altar of the Shining One.
    29 | D        | Found a glowing silver altar of Zin.
    32 | D        | Found a bloodstained altar of Trog.
    32 | D        | Found a corrupted altar of Lugonu.
    32 | D        | Found a viscous altar of Jiyva.
    33 | D        | Found a shattered altar of Ashenzari.
    33 | D        | Found a white marble altar of Elyvilon.
    33 | D        | Found a snail-covered altar of Cheibriados.
    33 | D        | Found a blossoming altar of Fedhas.
    33 | D        | Found a radiant altar of Vehumet.
    33 | D        | Found a roughly hewn altar of Beogh.
    33 | D        | Found an iron altar of Okawaru.
    38 | D        | Found a stormy altar of Qazlal.
    38 | D        | Found an opulent altar of Gozag.
    40 | D        | Became a worshipper of Cheibriados the Contemplative
    79 | D        | Reached skill level 5 in Unarmed Combat
    79 | D        | Reached XP level 2. HP: 20/23 MP: 2/4
    83 | D        | Noticed a brain worm
    91 | D        | Reached skill level 6 in Unarmed Combat
   107 | D        | Killed a brain worm
   107 | D        | Reached skill level 9 in Unarmed Combat
   107 | D        | Reached XP level 3. HP: 25/28 MP: 6/6
   107 | D        | Reached XP level 4. HP: 31/35 MP: 7/7
   122 | D        | Acquired Cheibriados' first power
   122 | D        | Reached skill level 3 in Transmutations
   127 | D        | Reached skill level 4 in Transmutations
   132 | D        | Learned a level 3 spell: Spider Form
   426 | D        | Noticed a deep elf fighter
   427 | D        | Paralysed by a giant eyeball for 2 turns
   433 | D        | Killed a deep elf fighter
   433 | D        | Acquired Cheibriados' second power
   433 | D        | Reached skill level 8 in Transmutations
   433 | D        | Reached XP level 5. HP: 14/40 MP: 5/9
   442 | D        | Paralysed by a giant eyeball for 4 turns
   447 | D        | Reached skill level 9 in Transmutations
   451 | D        | Noticed a scorpion
   567 | D        | Learned a level 4 spell: Ice Form
   571 | D        | Noticed a flying skull
   572 | D        | Killed a scorpion
   572 | D        | Reached XP level 6. HP: 44/47 MP: 5/10
   577 | D        | Killed a flying skull
   577 | D        | Acquired Cheibriados' third power
   577 | D        | Reached skill level 11 in Transmutations
   584 | D        | Noticed an iguana
   765 | D        | Killed an iguana
   765 | D        | Reached skill level 2 in Dodging
   770 | D        | Noticed a demonic crawler
   780 | D        | HP: 3/56 [demonic crawler (5)]
   785 | D        | Killed a demonic crawler
   785 | D        | Reached skill level 6 in Dodging
   785 | D        | Your scales start fading to a pale cyan-grey colour.
   785 | D        | Reached XP level 7. HP: 22/52 MP: 9/12
  1089 | D        | Noticed a porcupine
  1089 | D        | Noticed a hellwing
  1089 | D        | Noticed a red wasp
  1107 | D        | Killed a hellwing
  1107 | D        | Reached skill level 8 in Dodging
  1228 | D        | Killed a red wasp
  1228 | D        | Reached skill level 10 in Dodging
  1228 | D        | Reached XP level 8. HP: 50/59 MP: 8/13
  1230 | D        | Killed a porcupine
  1230 | D        | Reached skill level 11 in Dodging
  1384 | D        | Noticed a wolf
  1384 | D        | Noticed a wolf
  1386 | D        | Noticed a wolf
  1386 | D        | Noticed a wolf
  1391 | D        | Killed a wolf
  1391 | D        | Reached skill level 4 in Fighting
  1392 | D        | Killed a wolf
  1392 | D        | Reached skill level 5 in Fighting
  1396 | D        | Killed a wolf
  1396 | D        | Reached skill level 6 in Fighting
  1398 | D        | Killed a wolf
  1398 | D        | Reached skill level 7 in Fighting
  1413 | D        | Noticed a small abomination
  1414 | D        | Noticed a big kobold
  1416 | D        | Killed a small abomination
  1416 | D        | Reached skill level 8 in Fighting
  1420 | D        | Killed a big kobold
  1420 | D        | Reached XP level 9. HP: 78/82 MP: 14/14
  1434 | D        | Noticed a boulder beetle
  1434 | D        | Noticed an elephant
  1440 | D        | Killed an elephant
  1440 | D        | Reached skill level 4 in Spellcasting
  1451 | D        | Killed a boulder beetle
  1451 | D        | Reached skill level 6 in Spellcasting
  1458 | D        | Learned a level 5 spell: Blade Hands
  1512 | D        | Noticed a sky beast
  1512 | D        | Noticed a snapping turtle
  1516 | D        | Killed a sky beast
  1521 | D        | Killed a snapping turtle
  1521 | D        | Reached skill level 10 in Unarmed Combat
  1561 | D        | Noticed a deep elf knight
  1561 | D        | Noticed a deep elf fighter
  1564 | D        | Noticed a deep elf priest
  1565 | D        | Noticed a deep elf mage
  1565 | D        | Killed a deep elf fighter
  1571 | D        | Killed a deep elf knight
  1571 | D        | Reached skill level 12 in Unarmed Combat
  1575 | D        | Killed a deep elf mage
  1577 | D        | Killed a deep elf priest
  1833 | D        | Noticed a wandering mushroom
  1833 | D        | Noticed a komodo dragon
  1833 | D        | Noticed a black mamba
  1845 | D        | Noticed a gargoyle
  1847 | D        | Noticed an ice beast
  1854 | D        | Killed a gargoyle
  1854 | D        | Reached skill level 13 in Unarmed Combat
  1854 | D        | Reached XP level 10. HP: 85/90 MP: 19/24
  1858 | D        | Killed a komodo dragon
  1858 | D        | Reached skill level 14 in Unarmed Combat
  1860 | D        | Killed an ice beast
  1867 | D        | Noticed a guardian mummy
  1872 | D        | Killed a guardian mummy
  1882 | D        | Noticed an orange demon
  1882 | D        | Noticed a swamp drake
  1888 | D        | Killed an orange demon
  1890 | D        | Noticed a sun demon
  1893 | D        | Killed a sun demon
  1893 | D        | Reached skill level 15 in Unarmed Combat
  1895 | D        | Noticed a small abomination
  1896 | D        | Killed a small abomination
  1899 | D        | Killed a swamp drake
  1901 | D        | Noticed a manticore
  1910 | D        | Killed a black mamba
  1910 | D        | Reached skill level 16 in Unarmed Combat
  1969 | D        | Noticed an iguana
  1973 | D        | Killed an iguana
  2017 | D        | Killed an unseen horror
  2212 | D        | Noticed a jumping spider
  2213 | D        | Noticed a phantasmal warrior
  2214 | D        | Killed a jumping spider
  2214 | D        | Reached skill level 3 in Invocations
  2224 | D        | Killed a phantasmal warrior
  2224 | D        | Reached skill level 5 in Invocations
  2229 | D        | Noticed a tarantella
  2238 | D        | Killed a tarantella
  2238 | D        | Reached skill level 6 in Invocations
  2246 | D        | Noticed a gnoll sergeant
  2250 | D        | Killed a manticore
  2250 | D        | Reached skill level 7 in Invocations
  2250 | D        | Reached XP level 11. HP: 58/95 MP: 22/25
  2254 | D        | Killed a gnoll sergeant
  2254 | D        | Reached skill level 8 in Invocations
  2581 | D        | Noticed a yellow wasp
  2581 | D        | Noticed a crimson imp
  2582 | D        | Noticed an orange demon
  2584 | D        | Killed a crimson imp
  2587 | D        | Noticed a flayed ghost
  2588 | D        | Noticed a fire elemental
  2591 | D        | Killed a yellow wasp
  2594 | D        | Killed a fire elemental
  2599 | D        | Killed a flayed ghost
  2599 | D        | Reached skill level 9 in Invocations
  2600 | D        | Killed an orange demon
  2600 | D        | Reached skill level 10 in Invocations
  2602 | D        | Noticed a komodo dragon
  2606 | D        | Killed a komodo dragon
  2858 | D        | Killed a wandering mushroom
  2858 | D        | Reached skill level 9 in Fighting
  2898 | D        | Noticed a phantasmal warrior
  2902 | D        | Noticed a boulder beetle
  2906 | D        | Killed a phantasmal warrior
  2913 | D        | Killed a boulder beetle
  2913 | D        | Reached skill level 10 in Fighting
  2963 | D        | Noticed a red devil
  2963 | D        | Noticed a merfolk avatar
  2963 | D        | Noticed an orange rat
  2968 | D        | Killed a merfolk avatar
  2968 | D        | Reached skill level 11 in Fighting
  2971 | D        | Killed an orange rat
  2974 | D        | Killed a red devil
  3079 | D        | Noticed Josephine
  3091 | D        | Killed Josephine
  3091 | D        | Reached skill level 12 in Fighting
  3109 | D        | Noticed a giant leech
  3109 | D        | Noticed a polar bear
  3119 | D        | Killed a giant leech
  3119 | D        | Reached skill level 13 in Fighting
  3121 | D        | Killed a polar bear
  3144 | D        | Noticed an orb of fire
  3148 | D        | Gained mutation: You passively map a small area around you. [an orb of fire]
  3153 | D        | Killed an orb of fire
  3153 | D        | Reached skill level 18 in Fighting
  3153 | D        | Reached XP level 12. HP: 51/127 MP: 21/26
  3413 | D        | Noticed a deep elf summoner
  3413 | D        | Noticed an orc knight
  3424 | D        | Noticed an orc knight
  3424 | D        | Noticed an orc knight
  3424 | D        | Noticed an orc warlord
  3438 | D        | Killed an orc knight
  3443 | D        | Noticed an orc knight
  3445 | D        | Killed an orc warlord
  3445 | D        | Reached skill level 19 in Fighting
  3448 | D        | Noticed an orc knight
  3453 | D        | Noticed an orc knight
  3454 | D        | Killed an orc knight
  3458 | D        | Killed an orc knight
  3461 | D        | Killed an orc knight
  3465 | D        | Noticed an orc warlord
  3471 | D        | Killed an orc warlord
  3471 | D        | Reached skill level 20 in Fighting
  3474 | D        | Noticed an ice devil
  3475 | D        | Noticed an orc knight
  3476 | D        | Killed an ice devil
  3478 | D        | Noticed an orc knight
  3482 | D        | Killed an orc knight
  3483 | D        | Noticed an orc warrior
  3484 | D        | Killed an orc knight
  3484 | D        | Reached skill level 21 in Fighting
  3485 | D        | Killed a deep elf summoner
  3487 | D        | Noticed an orc warrior
  3489 | D        | Killed an orc knight
  3490 | D        | Noticed a naga
  3492 | D        | Killed an orc warrior
  3494 | D        | Killed an orc warrior
  3498 | D        | Killed a naga
  3498 | D        | Reached skill level 17 in Unarmed Combat
  3502 | D        | Killed an orc knight
  3503 | D        | Noticed a yaktaur
  3505 | D        | Killed a yaktaur
  3506 | D        | Noticed a naga
  3512 | D        | Noticed a naga mage
  3515 | D        | Noticed a naga mage
  3518 | D        | Killed a naga mage
  3521 | D        | Killed a naga mage
  3523 | D        | Killed a naga
  3529 | D        | Noticed a yaktaur captain
  3530 | D        | Noticed a yaktaur captain
  3530 | D        | Noticed a yaktaur
  3530 | D        | Noticed a yaktaur
  3531 | D        | Noticed a vault guard
  3532 | D        | Noticed an orc knight
  3533 | D        | Killed a yaktaur captain
  3533 | D        | Reached skill level 18 in Unarmed Combat
  3533 | D        | Reached XP level 13. HP: 97/143 MP: 4/27
  3534 | D        | Noticed a naga warrior
  3534 | D        | Killed a yaktaur
  3536 | D        | Noticed a deep elf knight
  3538 | D        | Noticed an orc knight
  3540 | D        | Killed a vault guard
  3541 | D        | Killed an orc knight
  3544 | D        | Killed a yaktaur
  3547 | D        | Killed a yaktaur captain
  3547 | D        | Reached skill level 19 in Unarmed Combat
  3550 | D        | Killed an orc knight
  3551 | D        | Killed a deep elf knight
  3554 | D        | Killed a naga warrior
  3757 | D        | Noticed a yellow draconian
  3766 | D        | Killed a yellow draconian
  3766 | D        | Reached skill level 20 in Unarmed Combat
  3814 | D        | Noticed a deep elf knight
  3814 | D        | Noticed a deep elf knight
  3816 | D        | Noticed a fire dragon
  3818 | D        | Killed a deep elf knight
  3819 | D        | Killed a deep elf knight
  3821 | D        | Noticed a deep elf knight
  3825 | D        | Killed a fire dragon
  3826 | D        | Killed a deep elf knight
  3827 | D        | Noticed a naga warrior
  3831 | D        | Killed a naga warrior
  3831 | D        | Reached skill level 21 in Unarmed Combat
  3988 | D        | Noticed a vampire knight
  3988 | D        | Noticed an efreet
  3988 | D        | Noticed a lindwurm
  3990 | D        | Noticed an elephant
  3992 | D        | Noticed a guardian mummy
  3992 | D        | Noticed a wraith
  3997 | D        | Killed a vampire knight
  3999 | D        | Killed a lindwurm
  4000 | D        | Noticed an elephant
  4000 | D        | Killed a wraith
  4001 | D        | Killed an elephant
  4002 | D        | Noticed a deep elf priest
  4003 | D        | Killed a deep elf priest
  4004 | D        | Noticed an air elemental
  4006 | D        | Killed an air elemental
  4009 | D        | Killed a guardian mummy
  4011 | D        | Killed an elephant
  4012 | D        | Killed an efreet
  4014 | D        | Noticed an elephant
  4014 | D        | Noticed an elephant
  4015 | D        | Noticed a griffon
  4016 | D        | Killed an elephant
  4016 | D        | Reached skill level 22 in Unarmed Combat
  4018 | D        | Killed a griffon
  4019 | D        | Noticed a pale draconian
  4021 | D        | Killed a pale draconian
  4024 | D        | Killed an elephant
  4026 | D        | Noticed a greater naga
  4033 | D        | Killed a greater naga
  4036 | D        | Noticed Wiglaf
  4042 | D        | Killed Wiglaf
  4042 | D        | Reached skill level 23 in Unarmed Combat
  4046 | D        | Noticed an eye of devastation
  4048 | D        | Killed an eye of devastation
  4050 | D        | Noticed a gargoyle
  4053 | D        | Killed a gargoyle
  4108 | D        | Noticed an elephant
  4111 | D        | Killed an elephant
  4124 | D        | Noticed a phantasmal warrior
  4126 | D        | Killed a phantasmal warrior
  4129 | D        | Got the ring "Yniolo" {+Inv Int+4 Dex+3}
  4140 | D        | Noticed a redback
  4140 | D        | Noticed an anaconda
  4142 | D        | Killed an anaconda
  4143 | D        | Killed a redback
  4144 | D        | Noticed an eight-headed hydra
  4145 | D        | Noticed a guardian serpent
  4146 | D        | Killed an eight-headed hydra
  4146 | D        | Reached XP level 14. HP: 122/151 MP: 28/28
  4148 | D        | Killed a guardian serpent
  4209 | D        | Noticed a great orb of eyes
  4209 | D        | Noticed a guardian serpent
  4209 | D        | Noticed a frost giant
  4209 | D        | Noticed a war gargoyle
  4209 | D        | Noticed an anaconda
  4209 | D        | Noticed a merfolk aquamancer
  4209 | D        | Noticed a water elemental
  4211 | D        | Noticed a deep elf knight
  4211 | D        | Killed an anaconda
  4211 | D        | Reached skill level 3 in Evocations
  4213 | D        | Killed a frost giant
  4213 | D        | Reached skill level 7 in Evocations
  4214 | D        | Killed a merfolk aquamancer
  4214 | D        | Reached skill level 8 in Evocations
  4216 | D        | Killed a war gargoyle
  4216 | D        | Reached skill level 9 in Evocations
  4217 | D        | Killed a deep elf knight
  4217 | D        | Reached skill level 10 in Evocations
  4219 | D        | Killed a great orb of eyes
  4219 | D        | Reached skill level 11 in Evocations
  4220 | D        | Killed a water elemental
  4222 | D        | Killed a guardian serpent
  4371 | D        | Identified the Collected Works on Creation (You found it in the Dungeon)
  4382 | D        | Learned a level 9 spell: Dragon's Call
  4482 | D        | Noticed a bone dragon
  4482 | D        | Noticed an ettin
  4482 | D        | Noticed an ogre mage
  4483 | D        | Noticed a black draconian scorcher
  4484 | D        | Noticed a greater naga
  4484 | D        | Noticed a mottled draconian
  4490 | D        | Noticed a deep elf high priest
  4492 | D        | Killed a bone dragon
  4492 | D        | Reached skill level 6 in Summonings
  4501 | D        | Killed an ogre mage
  4501 | D        | Reached skill level 7 in Summonings
  4508 | D        | Killed a black draconian scorcher
  4508 | D        | Reached skill level 8 in Summonings
  4510 | D        | Killed an ettin
  4510 | D        | Reached skill level 9 in Summonings
  4512 | D        | HP: 12/151 [greater naga/splash of poison (14)]
  4514 | D        | Killed a deep elf high priest
  4514 | D        | Reached skill level 10 in Summonings
  4515 | D        | HP: 1/151 [greater naga/halberd (21)]
  4516 | D        | Demolished by a greater naga

Vanquished Creatures
  An orb of fire (D)
  A bone dragon (D)
  A greater naga (D)
  Wiglaf (D)
  A frost giant (D)
  2 orc warlords (D)
  A draconian scorcher (D)
  A war gargoyle (D)
  A vampire knight (D)
  A pale draconian (D)
  A yellow draconian (D)
  An ettin (D)
  A fire dragon (D)
  A vault guard (D)
  2 yaktaur captains (D)
  A great orb of eyes (D)
  Josephine (D)
  A deep elf high priest (D)
  2 anacondas (D)
  2 naga warriors (D)
  A hydra (D)
  A merfolk avatar (D)
  A merfolk aquamancer (D)
  An ice devil (D)
  A sun demon (D)
  6 deep elf knights (D)
  A flayed ghost (D)
  A deep elf summoner (D)
  An unseen horror (D)
  A lindwurm (D)
  10 orc knights (D)
  3 phantasmal warriors (D)
  A manticore (D)
  A griffon (D)
  2 guardian serpents (D)
  A red wasp (D)
  5 elephants (D)
  2 naga magi (D)
  2 gargoyles (D)
  An eye of devastation (D)
  2 komodo dragons (D)
  2 orange demons (D)
  A black mamba (D)
  An efreet (D)
  2 guardian mummies (D)
  3 yaktaurs (D)
  A demonic crawler (D)
  A hellwing (D)
  A red devil (D)
  A jumping spider (D)
  2 deep elf priests (D)
  A polar bear (D)
  2 boulder beetles (D)
  A giant leech (D)
  A snapping turtle (D)
  A flying skull (D)
  An air elemental (D)
  A water elemental (D)
  A wraith (D)
  A redback (D)
  A tarantella (D)
  A deep elf mage (D)
  A wandering mushroom (D)
  A fire elemental (D)
  2 deep elf fighters (D)
  4 wolves (D)
  A swamp drake (D)
  2 orc warriors (D)
  2 nagas (D)
  A yellow wasp (D)
  A porcupine (D)
  A sky beast (D)
  An ice beast (D)
  A brain worm (D)
  A big kobold (D)
  A gnoll sergeant (D)
  2 small abominations (D)
  A scorpion (D)
  A crimson imp (D)
  2 iguanas (D)
  An orange rat (D)
  7 gnolls (D)
  A river rat (D)
  3 adders (D)
  3 giant mites (D)
  An ufetubus (D)
  A worm (D)
  A giant eyeball (D)
  2 adder skeletons (D)
  An adder simulacrum (D)
  2 orcs (D)
  2 bat simulacra (D)
  3 bat skeletons (D)
  A goblin (D)
  A hobgoblin (D)
  7 jackals (D)
  A giant gecko skeleton (D)
  2 giant gecko zombies (D)
  3 giant newts (D)
  A rat (D)
166 creatures vanquished.

Vanquished Creatures (others)
  An ogre mage (D)
  An elephant (D)
2 creatures vanquished.

Grand Total: 168 creatures vanquished
